 Dungeon Crawl Stone Soup version 0.27.1 (webtiles) character file.

Game seed: 6069586410594298391

228 Atelerd the Sneak (level 6, -6/37 HPs)
             Began as an Octopode Earth Elementalist on Sept 1, 2021.
             Mangled by Grinder (8 damage)
             ... on level 3 of the Dungeon.
             The game lasted 00:06:01 (3293 turns).

Atelerd the Sneak (Octopode Earth Elementalist)     Turns: 3293, Time: 00:06:01

Health: -6/37      AC:  1    Str:  3    XL:     6   Next: 2%
Magic:  0/10       EV: 13    Int: 23    God:
Gold:   153        SH:  0    Dex: 12    Spells: 6/11 levels left

rFire    + + .     SeeInvis .   c - +0 short sword
rCold    + . .     Faith    .   (no shield)
rNeg     + . .     Spirit   .   (helmet restricted)
rPois    +         Reflect  .   (no amulet)
rElec    +         Harm     .   i - ring of protection from fire
rCorr    +         Rampage  .   l - ring "Moufyu Cyly" {Fly rN+ rCorr Str-4 Int+3}
Will     .....                  (no ring)
Stlth    ++++......             (no ring)
HPRegen  0.12/turn              (no ring)
MPRegen  0.12/turn              (no ring)
                                (no ring)
                                (no ring)

@: resistant, flying, very slightly contaminated, invisible
A: almost no armour, amphibious, 8 rings, camouflage 1, gelatinous body 1,
(nimble swimmer 1), tentacles
a: no special abilities


You were on level 3 of the Dungeon.
You visited 1 branch of the dungeon, and saw 3 of its levels.

You collected 153 gold pieces.

Inventory:

Hand Weapons
 c - a +0 short sword (weapon)
Missiles
 b - 102 stones
Jewellery
 i - a ring of protection from fire (left tentacle)
 l - the ring "Moufyu Cyly" (right tentacle) {Fly rN+ rCorr Str-4 Int+3}
   (You acquired it on level 3 of the Dungeon)

   [ring of flight]

   Str:       It affects your strength (-4).
   Int:       It affects your intelligence (+3).
   rN:        It protects you from negative energy.
   Fly:       It grants you flight.
   rCorr:     It protects you from acid and corrosion.
Scrolls
 a - a scroll of fog {unknown}
 f - a scroll of identify
 h - 2 scrolls of teleportation
 m - a scroll of amnesia {unknown}
 n - a scroll of fear {unknown}
 p - a scroll of noise
Potions
 d - a potion of lignification {unknown}
 g - a potion of degeneration {unknown}
 o - a potion of berserk rage {unknown}
 q - a potion of ambrosia {unknown}
 s - a potion of flight {unknown}


   Skills:
 - Level 0.5 Fighting
 - Level 1.3 Short Blades
 - Level 2.3 Dodging
 - Level 5.2 Stealth
 + Level 3.2 Spellcasting
 + Level 1.1 Transmutations
 + Level 4.1 Earth Magic


You had 6 spell levels left.
You knew the following spells:

 Your Spells              Type           Power      Damage    Failure   Level
a - Sandblast             Erth           44%        2d11      1%          1
p - Petrify               Tmut/Erth      16%        N/A       36%         4

Your spell library contained the following spells:

 Spells                   Type           Power      Damage    Failure   Level
 Passwall                 Tmut/Erth      13%        N/A       6%          2
 Stone Arrow              Conj/Erth      26%        3d8       14%         3


Dungeon Overview and Level Annotations

Branches:
Dungeon (3/15)

Altars:
Fedhas
Gozag
Yredelemnul
Zin

Annotations:
D:3 Grinder


Innate Abilities, Weirdness & Mutations

You cannot wear most types of armour.
You are amphibious.
You can wear up to eight rings at the same time.
Your skin changes colour to match your surroundings (Stealth+).
Your rubbery body absorbs attacks. (AC +1, EV +1)
((You are camouflaged near water. (Stealth+)))
You have tentacles for arms and can constrict up to eight enemies at once.


Message History

Grinder is heavily wounded.
You constrict Grinder, but do no damage.
Grinder gestures at you.
You suddenly lose the ability to move!
You lose your grip on Grinder.
Grinder hits you! Grinder hits you.
You writhe in agony.
* * * LOW HITPOINT WARNING * * *
Grinder hits you.
* * * LOW HITPOINT WARNING * * *
You writhe in agony.
* * * LOW HITPOINT WARNING * * *
You can move again.
Unknown command.
It was a potion of curing.
You feel better. Grinder gestures at you.
You shrug off the repeated paralysis!
Unknown command.
Casting: Sandblast (safe; 1% risk of failure)
Confirm with . or Enter, or press ? or * to list all spells.
Aiming: Sandblast (safe; 1% risk of failure)
Press: ? - help, Shift-Dir - straight line, f/p - Grinder
Aim: Grinder (heavily wounded, 78% to hit)
The blast of sand hits Grinder!
Grinder is almost dead.
Grinder hits you.
* * * LOW HITPOINT WARNING * * *
You writhe in agony.
* * * LOW HITPOINT WARNING * * *
Unknown command.
Okay, then.
You hit Grinder. Your grab misses Grinder.
Grinder is almost dead.
Grinder gestures at you. Pain shoots through your body!
* * * LOW HITPOINT WARNING * * *
Unknown command.
You hit Grinder but do no damage. Your grab misses Grinder.
Grinder is almost dead.
Grinder hits you!
You die...

## #.. ########
#...###......#
#...5@..#..#
#...####..# #.. #.##
#### #.. ##.# ####...
#...###..# #####....##
#..)..## #..[..##...
###...####.####.).##
#.............#...
...........#.######...


You could see Grinder.

Vanquished Creatures
  An ogre (D:3)
  A hound (D:3)
  A jelly (D:3)
  4 adders
  3 worms (D:2)
  2 dart slugs (D:1)
  2 orcs (D:3)
  4 ball pythons
  3 endoplasms
  A giant cockroach (D:2)
  3 goblins (D:3)
  5 hobgoblins
  2 jackals (D:3)
  4 bats
  4 frilled lizards
  2 kobolds
  3 rats (D:2)
45 creatures vanquished.

Notes
Turn   | Place    | Note
-------+----------+-------------------------------------------
     0 | D:1      | Atelerd the Octopode Earth Elementalist began the quest for
                  | the Orb.
     0 | D:1      | Reached XP level 1. HP: 11/11 MP: 3/3
   296 | D:1      | Reached XP level 2. HP: 9/17 MP: 1/5
  1009 | D:2      | Reached skill level 3 in Stealth
  1009 | D:2      | Reached XP level 3. HP: 8/21 MP: 4/6
  2028 | D:2      | Found a faded altar of an unknown god.
  2249 | D:3      | Reached XP level 4. HP: 25/27 MP: 7/7
  2639 | D:3      | Learned a level 4 spell: Petrify
  2654 | D:3      | Found a glowing silver altar of Zin.
  2657 | D:3      | Reached skill level 4 in Stealth
  2694 | D:3      | Reached skill level 1 in Short Blades
  2825 | D:3      | Reached XP level 5. HP: 23/32 MP: 1/9
  2938 | D:3      | Noticed an ogre
  2957 | D:3      | Killed an ogre
  2958 | D:3      | Reached skill level 5 in Stealth
  2958 | D:3      | Reached XP level 6. HP: 35/37 MP: 6/10
  3003 | D:3      | Identified a scroll of acquirement
  3005 | D:3      | Acquired the ring "Moufyu Cyly" {Fly rN+ rCorr Str-4 Int+3}
  3256 | D:3      | Found a basalt altar of Yredelemnul.
  3257 | D:3      | Found a blossoming altar of Fedhas.
  3258 | D:3      | Found an opulent altar of Gozag.
  3266 | D:3      | Noticed Grinder
  3270 | D:3      | Paralysed by Grinder for 7 turns
  3286 | D:3      | Paralysed by Grinder for 4 turns
  3293 | D:3      | Mangled by Grinder

Illustrated notes

Levels and vault maps discovered:
D:1:      dpeg_arrival_round_b, layout_rooms
D:2:      layout_rooms, basic_ecumenical_altar, minivault_5,
          kennysheep_generic_room_15
D:3:      layout_rooms, chequers_temple_overflow_statue_of_worship,
          mainiacjoe_overflow_tiny_flanked, patterned_corridor, uniq_grinder

Skill      XL: |  1  2  3  4  5 |
---------------+----------------+-----
Stealth        | 3 4 5 |  5.2
Short Blades   | 1 |  1.3
Spellcasting   | 3 |  3.2
Earth Magic    | 4 |  4.1
Fighting       | |  0.5
Dodging        | |  2.3
Transmutations | |  1.1

Action                   |  1- 3 |  4- 6 || total
-------------------------+-------+-------++-------
Melee: Unarmed           |    20 |       ||    20
       Constrict         |    15 |     5 ||    20
       Tentacles         |     7 |     9 ||    16
       Short sword       |    32 |    30 ||    62
 Cast: Sandblast         |    16 |    16 ||    32
       Petrify           |       |     4 ||     4
  Use: Scroll            |       |     4 ||     4
       Potion            |       |     4 ||     4
 Stab: Sleeping          |    10 |     1 ||    11
       Petrified         |       |     9 ||     9
       Distracted        |       |     1 ||     1
Armor: Skin              |     4 |     1 ||     5
Dodge: Dodged            |    22 |    23 ||    45
